 Dungeon Crawl Stone Soup version 0.29-a0-330-g52719c12eb (webtiles) character file.

Game seed: 18230589304466412367

601 OgAr the Fighter (level 7, 0/80 HPs)
             Began as an Ogre Artificer on May 19, 2022.
             Slain by a hound (2 damage)
             ... on level 5 of the Dungeon.
             The game lasted 00:17:44 (5420 turns).

OgAr the Fighter (Ogre Artificer)                   Turns: 5420, Time: 00:17:44

Health: 0/80       AC:  3    Str: 14    XL:     7   Next: 41%
Magic:  25/25      EV: 10    Int: 12    God:
Gold:   103        SH:  0    Dex:  9    Spells: 6/6 levels left

rFire   . . .      SeeInvis .   r - +5 trident of Hyigaff {venom, rPois rN+++ MP+9 Str-5}
rCold   . . .      Faith    .   (no shield)
rNeg    + + +      Spirit   .   b - +0 robe
rPois   +          Reflect  .   (helmet restricted)
rElec   .          Harm     .   (no cloak)
rCorr   .          Rampage  .   (gloves unavailable)
Will    .....                   (boots unavailable)
Stlth   ++........              (no amulet)
HPRegen 0.23/turn               p - ring of magical power
MPRegen 0.19/turn               (no ring)

@: no status effects
A: large, unfitting armour, tough skin 1
a: no special abilities


You were on level 5 of the Dungeon.
You visited 1 branch of the dungeon, and saw 5 of its levels.

You collected 103 gold pieces.

Inventory:

Hand Weapons
 j - a +3 dagger of venom
 o - a +3 whip
 q - a +0 spectral club
 r - the +5 trident of Hyigaff (weapon) {venom, rPois rN+++ MP+9 Str-5}
   (You found it on level 3 of the Dungeon)

   It poisons the flesh of those it strikes.
   Str:       It affects your strength (-5).
   rPois:     It protects you from poison.
   rN:        It renders you almost immune to negative energy.
   MP:        It affects your magic capacity (+9).
Missiles
 i - 4 boomerangs
 n - 20 poisoned darts (quivered)
 B - a throwing net
Armour
 b - a +0 robe (worn)
Jewellery
 p - a ring of magical power (left hand)
 u - a ring of magical power
 x - a +6 ring of intelligence
Wands
 c - a wand of flame (12)
 d - a wand of charming (11)
 e - a wand of iceblast (3)
 l - a wand of acid (5)
Scrolls
 f - 2 scrolls of teleportation
 g - 2 scrolls of amnesia
 k - a scroll of identify
 w - a scroll of magic mapping {unknown}
 y - a scroll of blinking {unknown}
Potions
 a - a potion of might
 h - 2 potions of degeneration
 m - 2 potions of resistance
 s - a potion of curing
 t - a potion of heal wounds {unknown}
 z - a potion of mutation {unknown}
 A - a potion of attraction {unknown}
 C - a potion of ambrosia {unknown}


   Skills:
 - Level 8.0 Fighting
 + Level 3.4 Dodging
 * Level 2.9 Stealth
 - Level 2.6 Evocations


You had 6 spell levels left.
You didn't know any spells.
Your spell library was empty.

Dungeon Overview and Level Annotations

Branches:
Dungeon (5/15)
 Temple: D:4-7

Altars:
Qazlal


Innate Abilities, Weirdness & Mutations

You are too large for most types of armour.
You have tough skin. (AC +1)


Message History

The hound closely misses you. The gnoll completely misses you.
Aiming: Charm
Press: ? - help, Shift-Dir - straight line, f/p - hound
Aim: a hound (heavily wounded, chance to affect: 64%)
The hound struggles to resist.
The hound bites you.
* * * LOW HITPOINT WARNING * * *
The gnoll misses you. The hound bites you.
* * * LOW HITPOINT WARNING * * *
Aiming: Charm
Press: ? - help, Shift-Dir - straight line, f/p - hound
Aim: a hound (heavily wounded, chance to affect: 64%)
The hound struggles to resist.
The hound barely misses you. The gnoll closely misses you.
Aiming: Charm
Press: ? - help, Shift-Dir - straight line, f/p - hound
Aim: a hound (heavily wounded, chance to affect: 64%)
The hound struggles to resist.
The hound barely misses you.
The gnoll hits you from afar with a +0 halberd.
* * * LOW HITPOINT WARNING * * *
The hound bites you but does no damage.
As you read the scroll labelled ZICOEG ZISTRAL, it crumbles to dust.
It is a scroll of enchant weapon.
Your +2 dagger of venom glows red for a moment.
The hound bites you.
* * * LOW HITPOINT WARNING * * *
The gnoll hits you from afar with a +0 halberd!
* * * LOW HITPOINT WARNING * * *
Unknown command.
Okay, then.
Aiming: Corrosive Bolt
Press: ? - help, Shift-Dir - straight line, f - orc warrior, p - hound
Aim: an orc warrior, wielding a +0 scimitar and wearing a +0 chain mail (68% to hit)
The bolt of acid misses the hound.
The bolt of acid hits the gnoll!
The acid corrodes the gnoll!
You kill the gnoll!
The bolt of acid misses the orc warrior.
The hound bites you.
* * * LOW HITPOINT WARNING * * *
The hound bites you.
You die...

#.)..#....##### #.#.
...)#........# #.#.
).o#.o......# #.#.
oo#........# #.#####.#>
#)#....[...# #.........
#.#........# #######.#.
######.#........# ...##
...........o##########
#####
........#...oh@(......
.########..###########
#..####### #.........
#..#########
#...........
#...######## #...#
#...###################


You could see an orc warrior, a hound and an orc.

Vanquished Creatures
  3 scorpions
  A gnoll sergeant (D:5)
  Ijyb (D:3)
  An iguana (D:4)
  An orc wizard (D:4)
  15 gnolls
  5 adders
  A white imp (D:5)
  4 worms
  A dart slug (D:4)
  5 orcs
  4 endoplasms
  2 giant cockroaches
  8 goblins
  6 hobgoblins
  5 jackals
  9 kobolds
  6 quokkas
  5 ball pythons
  6 bats
  7 frilled lizards
  5 rats
101 creatures vanquished.

Notes
Turn   | Place    | Note
-------+----------+-------------------------------------------
     0 | D:1      | OgAr the Ogre Artificer began the quest for the Orb.
     0 | D:1      | Reached XP level 1. HP: 19/19 MP: 1/1
   461 | D:1      | Reached XP level 2. HP: 23/28 MP: 2/2
   588 | D:1      | Reached skill level 2 in Fighting
  1179 | D:1      | Reached skill level 3 in Fighting
  1194 | D:1      | Reached XP level 3. HP: 33/37 MP: 3/3
  1503 | D:1      | Found a faded altar of an unknown god.
  1957 | D:2      | Found a stormy altar of Qazlal.
  2059 | D:2      | Reached skill level 4 in Fighting
  2497 | D:2      | Reached XP level 4. HP: 46/49 MP: 4/4
  3121 | D:3      | Noticed Ijyb
  3124 | D:3      | Killed Ijyb
  3125 | D:3      | Reached skill level 5 in Fighting
  3275 | D:3      | Identified the +5 trident of Hyigaff {venom, rPois rN+++
                  | MP+9 Str-5}
  3522 | D:3      | Reached XP level 5. HP: 59/59 MP: 5/5
  3523 | D:3      | Reached skill level 6 in Fighting
  4437 | D:4      | Reached skill level 7 in Fighting
  4537 | D:4      | Reached XP level 6. HP: 59/71 MP: 6/6
  4959 | D:4      | Reached skill level 8 in Fighting
  5050 | D:4      | Reached skill level 1 in Stealth
  5118 | D:5      | Entered Level 5 of the Dungeon
  5145 | D:5      | Reached XP level 7. HP: 80/80 MP: 7/7
  5419 | D:5      | HP: 4/80 [gnoll/+0 halberd (13)]
  5420 | D:5      | Slain by a hound

Illustrated notes

Levels and vault maps discovered:
D:1:      moated_graveyard_arrival, layout_basic,
          nicolae_ecumenical_lake_church, roderic_serpentine_path,
          minmay_misc_feat_chi, feat_on_display
D:2:      layout_rooms, basic_altar
D:3:      layout_loops_corners, fountainhead, grunt_ministairs_9, uniq_ijyb
D:4:      layout_basic
D:5:      layout_basic, makhleb_grotto_becter

Skill      XL: |  1  2  3  4  5  6  7 |
---------------+----------------------+-----
Fighting       | 3 4 5 7 8 |  8.0
Stealth        | 1 2 |  2.9
Dodging        | 3 |  3.4
Evocations     | |  2.6

Action                   |  1- 3 |  4- 6 |  7- 9 || total
-------------------------+-------+-------+-------++-------
Melee: Club              |   159 |     2 |       ||   161
       Punch             |     4 |     1 |       ||     5
       Dagger            |    20 |    39 |       ||    59
       Short sword       |    18 |       |       ||    18
       Trident           |       |    82 |    26 ||   108
Throw: Dart              |       |    24 |     2 ||    26
Evoke: Wand              |     2 |     5 |     7 ||    14
  Use: Scroll            |       |     6 |     2 ||     8
 Stab: Sleeping          |     2 |       |       ||     2
Armor: Robe              |    75 |    22 |    13 ||   110
Dodge: Dodged            |   123 |    62 |    33 ||   218

Table legend: (Time is in decaauts)
 A = Elapsed time spent in this place.
 B = Non-inter-level travel time spent in this place.
 C = Inter-level travel time spent in this place.
 D = Time resting spent in this place.
 E = Time spent auto-exploring this place.
 F = Levels seen in this place.
 G = Mean time per level.
                   A        B        C        D        E       F      G
               +--------+--------+--------+--------+--------+-----+--------+
         Total |   5503 |   5365 |    138 |    167 |   4109 |   5 | 1100.6 |
       Dungeon |   5503 |   5365 |    138 |    167 |   4109 |   5 | 1100.6 |
               +--------+--------+--------+--------+--------+-----+--------+

Top non-repeatable levels by time:
     D:1: 1945 daAuts
     D:3: 1519 daAuts
     D:4: 881 daAuts
     D:2: 847 daAuts
     D:5: 309 daAuts
